 Dungeon Crawl Stone Soup version 0.14-a0-1029-g9530a8b (webtiles) character file.

778 PolkaDot the Ruinous (level 7, -4/46 HPs)
             Began as a Vampire Conjurer on Nov 23, 2013.
             Slain by an iguana (5 damage)
             ... on Level 5 of the Dungeon.
             The game lasted 00:20:40 (4294 turns).

PolkaDot the Ruinous (Vampire Conjurer)             Turns: 4294, Time: 00:20:40

HP  -4/46        AC  1     Str  7      XL: 7   Next:  7%
MP  11/15        EV 12     Int 19      God:
Gold 227         SH  0     Dex 14      Spells:  4 memorised,  1 level left

Res.Fire  : + . .   See Invis. : +   e - +3,+2 elf dagger (drain)
Res.Cold  : x . .   Warding    : .   a - +0 robe
Life Prot.: . . .   Conserve   : .   (no shield)
Res.Poison: .       Res.Corr.  : +   (no helmet)
Res.Elec. : .       Clarity    : .   (no cloak)
Sust.Abil.: . .     Spirit.Shd : .   (no gloves)
Res.Mut.  : .       Stasis     : .   (no boots)
Res.Rott. : .       Flight     : .   m - amulet of resist corrosion
Saprovore : . . .                    (no ring)
                                     d - ring of fire

@: regenerating quickly, slightly resistant to hostile enchantments, stealthy
A: bottle blood, fangs 3, see invisible, deformed body, sense surroundings 1,
spit poison 1, unbreathing, evolution 1
a: Spit Poison, Bottle Blood


You were on level 5 of the Dungeon.
You were very full.

You visited 1 branch of the dungeon, and saw 5 of its levels.

You collected 227 gold pieces.

Inventory:

Hand weapons
 e - a +3,+2 elven dagger of draining (weapon)
Armour
 a - a +0 robe (worn)
Magical devices
 l - a wand of cold (8)
Scrolls
 b - a scroll of fear {unknown}
 i - a scroll of enchant weapon II
 j - a scroll of blinking
 n - a scroll of identify
 q - a scroll of curse weapon {unknown}
Jewellery
 d - a ring of fire (left hand)
 k - an uncursed ring of teleportation
 m - an amulet of resist corrosion (around neck)
Potions
 o - a potion of agility
 r - a potion of confusion {unknown}
Books
 c - a book of Conjurations

   Spells                             Type                      Level
   *Magic Dart                        Conjuration                  1
   *Searing Ray                       Conjuration                  2
   Dazzling Spray                     Conjuration/Hexes            3
   *Iskenderun's Mystic Blast         Conjuration                  4
   *Iskenderun's Battlesphere         Conjuration/Charms           4
   Fulminant Prism                    Conjuration/Hexes            5


   Skills:
 - Level 2.1 Dodging
 - Level 3.0 Stealth
 - Level 3.3 Spellcasting
 * Level 5.9 Conjurations
 + Level 0.0 Charms


You had one spell level left.
You knew the following spells:

 Your Spells              Type           Power        Failure   Level  Hunger
d - Iskenderun's Mystic   Conj           ####....     14%         4    ####...
s - Searing Ray           Conj           ####..       1%          2    ##.....
x - Iskenderun's Battles  Conj/Chrm      ##......     50%         4    ####...
z - Magic Dart            Conj           ####         1%          1    None


Dungeon Overview and Level Annotations

Branches:
Dungeon (5/16)
 Temple: D:4-7

Altars:
Elyvilon
Zin


Innate Abilities, Weirdness & Mutations

Your natural rate of healing is unusually fast.
You can bottle blood from corpses.
You have razor-sharp teeth.*
You have supernaturally acute eyesight.
You can survive without breathing.*
Armour fits poorly on your strangely shaped body.*
You passively map a small area around you.+ You can spit poison.+ You evolve.+


Message History

The iguana bites you!
You closely miss the iguana. The iguana bites you!
You hit the iguana but do no damage. You drain the iguana!
The iguana is lightly wounded.
The iguana bites you!
* * * LOW HITPOINT WARNING * * *
You see here a -2,-1 dagger.
Casting: Magic Dart
Confirm with . or Enter, or press ? or * to list all spells.
Aiming: Iskenderun's Mystic Blast
Press: ? - help, Shift-Dir - straight line, f - iguana
Aim: an iguana (lightly wounded)
The orb of energy hits the iguana.
The iguana is severely wounded.
The iguana bites you!
* * * LOW HITPOINT WARNING * * *
Drink which item? (? for menu, Esc to quit)
Okay, then.
The iguana bites you.
You die...

#<# #### #.# #.#
#####.# #.# #.....#
###.## #.#####
.....# #.# ###..#
#####.# ..#..#
#.....#
#.#..#*#.###########
#.#... #.# #....@l.#
..#.##.#.# #.#####)#
.......#.# #.# #.#
###.####.# #.# #.#
...... #.###.# #.#
...> #.#.....# #.#
###.* ####### #.# *
* , ####.# ** *
#....#


You could see an iguana.

Vanquished Creatures
  A phantom (D:4)
  5 wights (D:4)
  2 hounds (D:4)
  An iguana (D:4)
  A worker ant (D:4)
  3 gnolls (D:2)
  2 worms
  7 orcs
  4 adders
  11 bats
  2 giant cockroaches
  17 goblins
  10 hobgoblins
  7 jackals
  2 quokkas (D:3)
  A ball python (D:2)
  4 giant geckos
  3 giant newts
  7 kobolds
  An orc skeleton (D:4)
  A quokka skeleton (D:4)
  11 rats
103 creatures vanquished.

Notes
Turn   | Place    | Note
--------------------------------------------------------------
     0 | D:1      | PolkaDot, the Vampire Conjurer, began the quest for the Orb.
     0 | D:1      | Reached XP level 1. HP: 13/13 MP: 4/4
   346 | D:1      | Reached XP level 2. HP: 16/19 MP: 5/5
   962 | D:2      | Gained mutation: You evolve. [potion of mutation]
  1109 | D:1      | Learned a level 2 spell: Searing Ray
  1130 | D:2      | Reached XP level 3. HP: 13/24 MP: 0/6
  1348 | D:2      | Reached skill level 4 in Conjurations
  1919 | D:3      | Reached XP level 4. HP: 30/30 MP: 8/8
  2389 | D:3      | Gained mutation: Armour fits poorly on your strangely shaped body. [potion of mutation]
  2389 | D:3      | Gained mutation: You passively map a small area around you. [potion of mutation]
  2389 | D:3      | Gained mutation: You can spit poison. [potion of mutation]
  2435 | D:4      | Noticed a phantom
  2696 | D:4      | Killed a phantom
  2696 | D:4      | Reached XP level 5. HP: 22/35 MP: 1/10
  2976 | D:4      | Learned a level 4 spell: Iskenderun's Battlesphere
  2989 | D:4      | Reached skill level 5 in Conjurations
  3111 | D:4      | Reached XP level 6. HP: 41/41 MP: 3/12
  3480 | D:4      | Reached XP level 7. HP: 12/46 MP: 5/15
  3826 | D:5      | Entered Level 5 of the Dungeon
  3833 | D:5      | Learned a level 4 spell: Iskenderun's Mystic Blast
  4168 | D:5      | Found a glowing silver altar of Zin.
  4173 | D:5      | Found a white marble altar of Elyvilon.
  4292 | D:5      | HP: 1/46 [iguana (14)]
  4294 | D:5      | Slain by an iguana

Action                   |  1- 3 |  4- 6 |  7- 9 || total
-------------------------+-------+-------+-------++-------
Melee: Dagger            |    86 |   102 |    20 ||   208
 Cast: Magic Dart        |     5 |     3 |     3 ||    11
       Searing Ray       |     5 |    15 |     5 ||    25
       Iskenderun's Myst |       |       |     1 ||     1
  Use: Potion            |     5 |     3 |     1 ||     9
       Scroll            |     1 |       |     6 ||     7
 Stab: Sleeping          |     7 |     4 |       ||    11
